 Dungeon Crawl Stone Soup version 0.20.0-6-gd3061e9 (webtiles) character file.

5 Monsterracer the Ruffian (level 1, -1/16 HPs)
             Began as a Naga Transmuter on May 28, 2017.
             Slain by a leopard gecko (3 damage)
             ... on level 1 of the Dungeon.
             The game lasted 00:01:07 (557 turns).

Monsterracer the Ruffian (Naga Transmuter)           Turns: 557, Time: 00:01:08

Health: -1/16      AC:  2    Str: 12    XL:     1   Next: 80%
Magic:  2/3        EV: 10    Int: 13    God:
Gold:   21         SH:  0    Dex: 11    Spells: 3/4 levels left

rFire    . . .     SeeInvis +     - Unarmed
rCold    . . .     Gourm    .   (no shield)
rNeg     . . .     Faith    .   b - +0 robe
rPois    +         Spirit   .   (no helmet)
rElec    .         Reflect  .   (no cloak)
rCorr    .         Harm     .   h - +0 pair of gloves
MR       .....                  (no barding)
Stlth    +.........             (no amulet)
Regen    0.1/turn               (no ring)
MPRegen  0.1/turn               (no ring)

@: appendage (expiring), very slow
A: horns 2, see invisible, deformed body, frail 1, poison resistance, slowness
2, slow metabolism 1, spit poison 1, evolution 1, AC +0
a: Spit Poison, End Transformation


You were on level 1 of the Dungeon.
You were not hungry.
You had grown temporary horns.
You visited 1 branch of the dungeon, and saw 1 of its levels.

You collected 21 gold pieces.

Inventory:

Missiles
 a - 27 arrows
Armour
 b - a +0 robe (worn)
 h - a +0 pair of gloves (worn)
Scrolls
 e - a scroll of identify {unknown}
 g - 3 scrolls of random uselessness {unknown}
Books
 c - a book of Changes

   Spells                             Type                      Level
   a - Beastly Appendage              Transmutation                1
   b - Sticks to Snakes               Transmutation                2
   c - Spider Form                    Transmutation/Poison         3
   d - Ice Form                       Ice/Transmutation            4
   e - Blade Hands                    Transmutation                5
Comestibles
 d - a bread ration
 f - a royal jelly


   Skills:
 - Level 1.0 Fighting
 - Level 1.5 Dodging
 * Level 3.3 Unarmed Combat
 - Level 2.0 Spellcasting
 + Level 2.0 Transmutations


You had 3 spell levels left.
You knew the following spells:

 Your Spells              Type           Power        Failure   Level  Hunger
a - Beastly Appendage     Tmut           #.....       11%         1    ##.....


Dungeon Overview and Level Annotations

Branches:
Dungeon (1/15)

Altars:


Innate Abilities, Weirdness & Mutations

You cannot wear boots.
Your serpentine skin is tough. (AC +0)
You have supernaturally acute eyesight. (SInv)
Armour fits poorly on your strangely shaped body.
Your system is resistant to poisons. (rPois)
You cover ground very slowly.
You have a slow metabolism.
You can spit poison.
You have a pair of horns on your head.
You are frail. (-10% HP)
You evolve.


Message History

The leopard gecko is heavily wounded.
The leopard gecko bites you.
You are too injured to fight recklessly!
You are too injured to fight recklessly!
You are too injured to fight recklessly!
You closely miss the leopard gecko.
The leopard gecko is heavily wounded.
The leopard gecko hisses menacingly.
The leopard gecko bites you. The leopard gecko barely misses you.
The leopard gecko bites you.
Your transformation is almost over.
The leopard gecko bites you.
You barely miss the leopard gecko.
The leopard gecko is heavily wounded.
The leopard gecko bites you.
* * * LOW HITPOINT WARNING * * *
You barely miss the leopard gecko. Your headbutt misses the leopard gecko.
The leopard gecko is heavily wounded.
The leopard gecko bites you.
You die...

#.#.#.#.....#.##....#.[###
#.................#..†....
#.#.#.#...........(.......
#...........##....##......
..#.#.#...........##.#.##.
........##.##..........##.
#.########.##........#####
########......######
......l@..#.###
##........#.# #........#
..>.......# ##.######.. #
.## .# ##


You could see a leopard gecko.

Vanquished Creatures
  A bat (D:1)
  A hobgoblin (D:1)
  2 kobolds (D:1)
  A rat (D:1)
5 creatures vanquished.

Notes
Turn   | Place    | Note
-------+----------+-------------------------------------------
     0 | D:1      | Monsterracer the Naga Transmuter began the quest for the Orb.
     0 | D:1      | Reached XP level 1. HP: 18/18 MP: 3/3
   196 | D:1      | Gained mutation: You are frail. (-10% HP) [potion of mutation]
   196 | D:1      | Gained mutation: You evolve. [potion of mutation]
   557 | D:1      | Slain by a leopard gecko

Action                   || total
-------------------------++-------
Melee: Unarmed           ||    28
 Cast: Beastly Appendage ||     5
 Abil: Spit Poison       ||     2
  Use: Potion            ||     1
Armor: Robe              ||     9
Dodge: Dodged            ||    15
